I try again now, neutral male human Healer --------------- |.............| |.............|# --------# --------- |......<......|######-......|#######.......`| |..............# |......| |.......| ------------.-- |......| @%d......| # |......| #q#|.......| ### |......| # ----.---- # ##-.......##%## # ### # -------- # # ### # ## # # -------.-- #%# ## |........| % --.---- |........| ### |.....| |....>...| # |.....| |........+#### |%....| ---------- |.....| ------- I try again now the Empiric Experience level: 3 Strength: 8 Dexterity: 10 Constitution: 14 Intelligence: 9 Wisdom: 18 Charisma: 16 Health: 0(32) Energy: 19(19) Def: 8 Gold: 1320 Moves: 2218 Dungeon seed: AVAlfrI1sVLKvVk5 Game ID: I try again now_1547907735 Your Inventory: Coins $ - 1320 gold pieces Weapons a - an uncursed +0 scalpel (weapon in hand) L - an uncursed +0 club of frost Armor e - an uncursed +1 pair of leather gloves (being worn) n - an uncursed +0 elven mithril-coat (being worn) r - an uncursed +0 orcish helm (being worn) Comestibles k - 4 uncursed apples l - 7 blessed eucalyptus leaves G - an uncursed food ration M - an uncursed egg Scrolls t - 2 blessed scrolls of taming w - an uncursed scroll of enchant armor x - an uncursed scroll of confuse monster z - an uncursed scroll of enchant weapon I - an uncursed scroll of remove curse Potions c - 4 uncursed potions of healing d - 3 uncursed potions of extra healing f - a blessed potion of extra healing Rings u - a cursed -1 ring of gain strength (on left hand) C - a cursed ring of aggravate monster N - an uncursed ring of stealth S - a cursed -1 ring of increase accuracy Wands g - an uncursed wand of sleep (0:7) B - an uncursed wand of undead turning (0:7) O - an uncursed wand of striking (0:5) Tools b - an uncursed stethoscope m - an uncursed oil lamp (0:1480) q - a cursed oil lamp (0:1116) J - 7 uncursed tallow candles (0:200) Q - an uncursed can of grease (0:18) Spells and supernatural/magical abilities: Name Level Category Cost Memory h - healing 1 healing 15pw 99% x - extra healing 3 healing 60pw 99% S - stone to flesh 3 healing 750pw 99% W - pray for help -- divine ? -- Your skills at the end: Fighting Skills wands [Basic] Weapon Skills knife [Basic] Spellcasting Skills healing spells [Basic] Final Attributes: You were devoutly aligned. You were immune to poison. You were lucky. Hermes was noncommittal. You are dead. Vanquished creatures: a leprechaun a homunculus 3 rothes a werejackal a gas spore a hobbit 5 giant rats a yellow mold 3 geckos 6 jackals a fox a kobold 2 goblins 3 grid bugs 2 lichens 6 newts 38 creatures vanquished. Voluntary challenges: You were an atheist. You used a wielded weapon 85 times, starting on turn 160. You read items or engraved 24 times, starting on turn 70. You never genocided any monsters. You never polymorphed an object. You never changed form. You used no wishes. You never split a pudding. You wrote Elbereth's name 2 times, starting on turn 703. You never violated your personal moral code. Dungeon overview: The Dungeons of Doom: levels 1 to 5 Level 1 a fountain, a vault a long staircase Level 2 a general store, a fountain Level 3 a fountain a long staircase Level 4 a vault Level 5 <- You were here History has recorded: On T:1 you entered the Dungeons of Doom to retrieve the Amulet of Yendor! On T:437 you reached level 2 of The Dungeons of Doom. On T:627 you advanced to experience level 2. On T:1059 you reached level 3 of The Dungeons of Doom. On T:1523 you reached level 4 of The Dungeons of Doom. On T:1692 you advanced to experience level 3. On T:1953 you reached level 5 of The Dungeons of Doom. Score breakdown: Gold: 0 ( 0 points) Experience: 3 levels ( 7878 points) Exploration: 5 levels ( 10.64%) ( 8846 points) Discoveries: 14 items ( 4.73%) ( 6524 points) Valuables value: (no points given unless you survive) Artifact value: 0 ( 0 points) Variety of kills: 16 monsters ( 4.21%) ( 6155 points) Turncount: 2218 turns ( -153 points) Survival: died (score multiplied by 80%) Total score: 23400 Latest messages: You hit the enslaved rothe. The enslaved rothe hits! The enslaved rothe bites! (2x) You miss the enslaved rothe. The enslaved rothe misses. (3x) You hit the enslaved rothe. You miss the enslaved rothe. The enslaved rothe misses. The enslaved rothe bites! (2x) You miss the enslaved rothe. The enslaved rothe misses. (3x) You hit the enslaved rothe. The enslaved rothe misses. The enslaved rothe bites! The enslaved rothe misses. You hit the enslaved rothe. (2x) The enslaved rothe just misses! The enslaved rothe misses. The enslaved rothe bites! You hit the enslaved rothe. The enslaved rothe misses. The enslaved rothe bites! (2x) You hit the enslaved rothe. The enslaved rothe hits! The enslaved rothe bites! (2x) You die... Final status: Goodbye I try again now the Healer, killed by a rothe... You died in The Dungeons of Doom on dungeon level 5 with 23400 points, and 1320 pieces of gold, after 2218 moves. You were level 3 with a maximum of 32 hit points when you died.